AoeStats
← Iguano Pop

Lombardia

507907587Analyzed
3v3 RM · 12d ago on Sep 20, 2026· 42m 0s· 6 players
Game mode
Random Map
Map size
Normal (6 player)
Population
200
Speed
Normal
Resources
Standard
Victory
Conquest
Starting age
Dark Age
Ending age
Imperial Age
RankedLock teamsTeams togetherTeam positionsShared explorationLock speedFull tech treeHidden civsTurbo modeCheats
Victory
Defeat
🇺🇸 Maya · United States
1368
+14
🇺🇸 Huns · United States
1344
+15
🇺🇸 Franks · United States
1343
+15
🇫🇷 Japanese · France
1378
-16
🇲🇽 Mongols · Mexico
1328
-15
🇲🇽 Byzantines · Mexico
1279
-13
Oveja de Batalla
10:06 Loom
11:51 Feudal Age
16:55 Double-Bit Axe
17:40 Horse Collar
18:25 Fletching
18:36 Padded Archer Armor
19:34 Gold Mining
29:02 Castle Age
28:05 Scale Mail Armor
28:15 Forging
29:03 Elite Skirmisher
29:19 Pikeman
30:19 Leather Archer Armor
30:00 Bodkin Arrow
30:17 Crossbowman
34:55 Wheelbarrow
41:42 Imperial Age
40:05 Bow Saw
39:57 Heavy Plow
40:46 Ballistics
41:22 Greek Fire
41:48 Squires
42:06 Chain Mail Armor
Iguano Pop
9:32 Loom
11:43 Feudal Age
16:26 Castle Age
18:27 Fletching
22:59 Bodkin Arrow
23:21 Padded Archer Armor
23:49 Husbandry
25:13 Bloodlines
26:33 Padded Archer Armor
27:12 Ballistics
30:17 Wheelbarrow
29:27 Town Watch
30:50 Horse Collar
34:22 Hand Cart
36:01 Stone Mining
36:02 Gold Mining
35:59 Double-Bit Axe
36:19 Heavy Plow
36:55 Leather Archer Armor
38:30 Scale Mail Armor
41:03 Imperial Age
41:03 Masonry
42:44 Chemistry
41:46 Bracer
41:16 Light Cavalry
TARBA-BAR
7:52 Loom
11:25 Feudal Age
17:36 Castle Age
16:06 Double-Bit Axe
16:47 Fletching
18:11 Bloodlines
18:53 Bodkin Arrow
21:42 Ballistics
22:09 Padded Archer Armor
22:40 Husbandry
24:21 Thumb Ring
28:49 Wheelbarrow
34:52 Leather Archer Armor
3feng_2026
7:13 Loom
9:38 Feudal Age
13:02 Double-Bit Axe
18:54 Castle Age
18:07 Gold Mining
20:17 Husbandry
21:34 Scale Barding Armor
24:33 Bow Saw
26:22 Forging
31:00 Chain Barding Armor
34:47 Wheelbarrow
33:57 Town Watch
34:58 Iron Casting
37:42 Imperial Age
39:02 Plate Barding Armor
37:49 Cavalier
39:31 Blast Furnace
40:48 Paladin
42:33 Caravan
victorlee
0:27 Loom
9:40 Feudal Age
13:31 Fletching
14:36 Padded Archer Armor
21:50 Castle Age
21:58 Crossbowman
22:34 Bodkin Arrow
23:32 Leather Archer Armor
24:17 Double-Bit Axe
25:19 Bow Saw
28:38 Wheelbarrow
31:33 Thumb Ring
37:23 Imperial Age
35:44 Gold Mining
38:24 Ballistics
38:41 Hand Cart
39:52 Conscription
40:23 Bracer
40:55 Ring Archer Armor
Libra
9:20 Feudal Age
9:45 Loom
10:16 Double-Bit Axe
10:22 Horse Collar
16:42 Scale Barding Armor
18:24 Wheelbarrow
21:48 Castle Age
20:24 Bloodlines
22:30 Husbandry
21:51 Light Cavalry
22:53 Chain Barding Armor
25:19 Forging
33:19 Heavy Plow
33:30 Bow Saw
39:07 Imperial Age
36:50 Gold Mining
37:36 Iron Casting
38:02 Stone Mining
38:47 Gold Shaft Mining
38:39 Hand Cart
39:14 Cavalier
41:19 Plate Barding Armor
40:35 Town Watch
42:08 Two-Man Saw
40:45 Paladin
Connection lost

Rejoining the realm…

Still unreachable

The connection could not be restored.

Session expired

The server has moved on; the page needs a fresh start.